[Event "Late-Titled-Tuesday-Blitz-February-13-2024"]
[Site "Chess.com"]
[Date "2024.02.13"]
[Round "11"]
[White "DeArron_Fox"]
[Black "jcmesafischer"]
[Result "0-1"]
[WhiteElo "2509"]
[BlackElo "2396"]
[TimeControl "180+1"]
[EndTime "16:05:07 PST"]
[Termination "jcmesafischer won by resignation"]

1. d4 Nf6 2. c4 e6 3. Nf3 d5 4. Nc3 Be7 5. Bf4 c6 6. e3 O-O 7. c5 a5 8. a3 b6 9. b4 Ba6 10. Bxa6 Nxa6 11. Ne5 Qc8 12. Rb1 Nd7 13. Nd3 f6 14. O-O bxc5 15. bxc5 e5 16. dxe5 Ndxc5 17. exf6 Bxf6 18. Na4 Nxa4 19. Qxa4 Qe6 20. Rb6 Rfc8 21.
Rxa6 Rxa6 22. Nc5 Qg4 23. Nxa6 g5 24. h3 Qh4 25. g3 Qxh3 26. Bd6 h5 27. Rb1 h4 28.
Rb8 Rxb8 29. Nxb8 Qe6 30. Qxc6 h3 31. Qc8+ Qxc8 0-1

[Event "Late-Titled-Tuesday-Blitz-February-13-2024"]
[Site "Chess.com"]
[Date "2024.02.13"]
[Round "11"]
[White "FairChess_on_YouTube"]
[Black "GianmarcoVaR"]
[Result "1-0"]
[WhiteElo "3068"]
[BlackElo "2753"]
[TimeControl "180+1"]
[EndTime "16:05:09 PST"]
[Termination "FairChess_on_YouTube won on time"]

1. e4 c5 2. Nc3 Nc6 3. Bb5 Nd4 4. Nf3 a6 5. Bd3 Nc6 6. O-O e6 7. Nd5 g6 8. Re1 Bg7 9. c3 Nge7 10. Nxe7 Qxe7 11.
Bc2 e5 12. d4 exd4 13. Bg5 f6 14. Bf4 g5 15. e5 O-O 16. exf6 Qxf6 17. Bxg5 Qf7 18.
Qd3 Qh5 19. Re4 d5 20. Rh4 Qg6 21. Qxg6 hxg6 22. Bxg6 Bf5 23. Bxf5 Rxf5 24. Bh6 Bf6 25. Rg4+ Kf7 26. cxd4 Nxd4 27. Nxd4 Bxd4 28. Be3 Bxe3 29. fxe3 Re8 30. Rg3 Re6 31. Rd1 b5 32. h4 a5 33.
Rf1 Rxf1+ 34. Kxf1 a4 35. Rg5 Rxe3 36. Rxd5 Re4 37.
Rxc5 b4 38. g3 Re3 39. Rc4 1-0

[Event "Late-Titled-Tuesday-Blitz-February-13-2024"]
[Site "Chess.com"]
[Date "2024.02.13"]
[Round "11"]
[White "Teidi96"]
[Black "ArchibaldCerveza29"]
[Result "1-0"]
[WhiteElo "2298"]
[BlackElo "2472"]
[TimeControl "180+1"]
[EndTime "16:05:09 PST"]
[Termination "Teidi96 won by resignation"]

1. e4 c5 2. Nf3 Nc6 3. d4 cxd4 4. Nxd4 Nf6 5. Nc3 d6 6. Bg5 e6 7. Qd2 a6 8. O-O-O Bd7 9. f3 Be7 10. Kb1 Nxd4 11. Qxd4 Qc7 12. h4 h5 13. Bc4 b5 14.
Bb3 a5 15. a4 bxa4 16. Bxa4 Bxa4 17. Qxa4+ Kf8 18. Rd3 Kg8 19. Rhd1 Kh7 20. e5 dxe5 21. Bxf6 gxf6 22. Rd7 Qc5 23. Ne4 Qb4 24. Qxb4 Bxb4 25. Rxf7+ Kg6 26. Rxf6+ Kg7 27. Rd7+ Kg8 28. Rff7 Rh6 29.
Nf6+ Rxf6 30. Rxf6 a4 31. Rxe6 a3 32. bxa3 Bc3 33.
Rc6 Bd4 34. Ka2 Rb8 35. a4 Rb2+ 36. Ka3 Rb8 37. a5 Kf8 38. a6 Ke8 39. Rb7 Ra8 40. Ka4 Bf2 41. Rh6 Bc5 42. Rh8+ Bf8 43. Kb5 Rc8 44. a7 e4 45. fxe4 Rd8 46. Rb8 1-0

[Event "Late-Titled-Tuesday-Blitz-February-13-2024"]
[Site "Chess.com"]
[Date "2024.02.13"]
[Round "11"]
[White "Ducke13"]
[Black "zano2023"]
[Result "1-0"]
[WhiteElo "2344"]
[BlackElo "2161"]
[TimeControl "180+1"]
[EndTime "16:05:09 PST"]
[Termination "Ducke13 won on time"]

1. d4 d5 2. Nf3 Nf6 3. g3 Bf5 4. c4 e6 5. Nc3 Be7 6. Nh4 Bg6 7. Qb3 b6 8. Nxg6 hxg6 9. cxd5 exd5 10. Bg2 c6 11. O-O O-O 12. Bg5 Re8 13. Bxf6 Bxf6 14.
Nxd5 Rxe2 15. Nf4 Rd2 16. Rad1 Rxd4 17. Rxd4 Qxd4 18. Nxg6 Qxb2 19. Re1 Qxb3 20. Re8+ Kh7 21. Nf8+ Kh6 22. axb3 a5 23. Bxc6 Nxc6 24. Rxa8 Nd4 25.
Nd7 Nxb3 26. Nxb6 Bd4 27. Nc4 Nc5 28. Rxa5 Nd3 29. Ne3 Bxe3 30. fxe3 f6 31. Rd5 Ne5 32. h3 Kg5 33. Kf2 Kf5 34. Ra5 g5 35. Ra4 Kg6 36.
e4 Nf7 37. Ke3 Ne5 38. Ra8 Kf7 39. Ra7+ Ke6 40. Rh7 Kd6 41. h4 gxh4 42. gxh4 Ke6 43. h5 f5 44. Rh6+ Kf7 45. Kf4 Ng4 46. Rg6 1-0

[Event "Late-Titled-Tuesday-Blitz-February-13-2024"]
[Site "Chess.com"]
[Date "2024.02.13"]
[Round "11"]
[White "nindjaxx8"]
[Black "Abduzhaparov"]
[Result "1-0"]
[WhiteElo "2563"]
[BlackElo "2438"]
[TimeControl "180+1"]
[EndTime "16:05:10 PST"]
[Termination "nindjaxx8 won on time"]

1. d4 d6 2. c4 e5 3. Nc3 exd4 4.
Qxd4 Nc6 5. Qd2 g6 6. b3 Bg7 7.
Bb2 Nf6 8. Nf3 O-O 9. e3 Qe7 10. Be2 Bf5 11. O-O Rfe8 12. Rad1 Rad8 13. Nd5 Nxd5 14.
cxd5 Ne5 15. Nd4 Bg4 16. Bxg4 Nxg4 17. h3 Ne5 18. Rc1 Rc8 19. Rc2 c5 20. dxc6 bxc6 21. Rfc1 c5 22. Nb5 Rcd8 23. Nc3 Qg5 24. Qd1 Qf5 25. Nd5 Nd3 26. Bxg7 Kxg7 27. Rd2 Nxc1 28. Qxc1 Re5 29. Qc3 f6 30. Nc7 Rd7 31. Nb5 Rd5 32. Rxd5 Qxd5 33. a4 a6 34. Na3 Rb7 35. Nc4 Qd1+ 36.
Kh2 d5 37. Nd6 Qxb3 38. Qxc5 Rd7 39. Qc6 Re7 40. Nc8 Qb8+ 41. Nd6 Re6 42. Qd7+ 1-0

[Event "Late-Titled-Tuesday-Blitz-February-13-2024"]
[Site "Chess.com"]
[Date "2024.02.13"]
[Round "11"]
[White "Rinqed222"]
[Black "a_kandil"]
[Result "1-0"]
[WhiteElo "2315"]
[BlackElo "2477"]
[TimeControl "180+1"]
[EndTime "16:05:10 PST"]
[Termination "Rinqed222 won by checkmate"]

1. e4 e5 2. Nf3 Nc6 3. Bc4 Bc5 4. c3 Nf6 5. d4 exd4 6. e5 d5 7. Bb5 Ne4 8. cxd4 Bb6 9. Nc3 O-O 10. Be3 Bg4 11. Qc2 Bf5 12. Qb3 Na5 13. Qxd5 Qxd5 14. Nxd5 c6 15. Nxb6 axb6 16. Be2 Rfd8 17. b4 Nb3 18.
Rb1 Nbd2 19. Nxd2 Nxd2 20. Kxd2 Rxa2+ 21. Kc3 Bxb1 22. Bc4 Rc2+ 23. Kb3 b5 24. Bd3 Rc1 25. Bxh7+ Bxh7 26. Rxc1 Ra8 27. d5 cxd5 28. Rc7 Bd3 29.
Rxb7 Bc4+ 30. Kb2 Ra2+ 31. Kb1 Re2 32. Re7 Kh7 33. Bc5 Kg6 34. g3 Rd2 35. Rd7 Kf5 36.
Rxf7+ Kxe5 37. Rxg7 d4 38. Re7+ Kf5 39. Rd7 d3 40.
Be3 Re2 41. Kc1 Ke4 42. Rd4+ Kf3 43. Rf4+ Kg2 44. h4 Rc2+ 45. Kd1 Kf1 46. h5 Re2 47. h6 Bb3+ 48. Kc1 Ke1 49. h7 Rxe3 50. h8=Q d2+ 51. Kb2 Re2 52. Qh1# 1-0

[Event "Late-Titled-Tuesday-Blitz-February-13-2024"]
[Site "Chess.com"]
[Date "2024.02.13"]
[Round "11"]
[White "Quattroporte300"]
[Black "ChEsper99"]
[Result "1-0"]
[WhiteElo "2418"]
[BlackElo "2211"]
[TimeControl "180+1"]
[EndTime "16:05:10 PST"]
[Termination "Quattroporte300 won on time"]

1. e4 c6 2. d4 d5 3. Nc3 dxe4 4. Nxe4 Nf6 5. Nxf6+ exf6 6. c3 Bd6 7. Bd3 O-O 8.
Qc2 h5 9. Ne2 Re8 10. Be3 Nd7 11.
O-O-O b5 12. d5 cxd5 13. Bxb5 Bb7 14. Kb1 Qa5 15. Bxd7 Re7 16. Bf5 g6 17. Bd3 Qc7 18.
Nd4 a6 19. h3 f5 20. g4 f4 21.
Bc1 h4 22. Rhe1 Rae8 23. Rxe7 Rxe7 24. f3 Be5 25. Qf2 a5 26. Nb5 Qc6 27. Qxh4 Re8 28.
g5 d4 29. Nxd4 Bxd4 30. cxd4 Qxf3 31. Bc2 Be4 32. Bxe4 Qxd1 33. Qxf4 Qxd4 34. Bc2 Qg1 35. Bb3 Re7 36. a3 a4 37. Bxa4 Re1 38. Bb3 Qa7 39. Qf6 Qc7 40. Qxg6+ Kf8 41. Qc2 1-0

[Event "Late-Titled-Tuesday-Blitz-February-13-2024"]
[Site "Chess.com"]
[Date "2024.02.13"]
[Round "11"]
[White "deepfear"]
[Black "PushingpawnsNYC"]
[Result "0-1"]
[WhiteElo "1976"]
[BlackElo "2342"]
[TimeControl "180+1"]
[EndTime "16:05:10 PST"]
[Termination "PushingpawnsNYC won by resignation"]

1. e4 c5 2. Nc3 e6 3. g3 a6 4. a4 Nc6 5. Bg2 d6 6. d3 Be7 7. f4 Nf6 8. Nf3 O-O 9. O-O Rb8 10. h3 b5 11. axb5 axb5 12. g4 Nd4 13. Be3 Qb6 14. f5 b4 15. Ne2 Nxf3+ 16. Bxf3 exf5 17. gxf5 Nd7 18. Kh1 Bf6 19. c3 Ne5 20. Nf4 Bb7 21. Rg1 g6 22. Bg4 Rbe8 23. Qd2 Qd8 24. Kh2 bxc3 25.
bxc3 c4 26. d4 Nd3 27. d5 Rxe4 28. fxg6 fxg6 29. Nh5 Be5+ 30. Kh1 Bxd5 31. Raf1 Rxg4+ 32. Rg2 Rxf1+ 33. Bg1 Rxg2 34. Qxg2 Bxg2+ 35. Kxg2 gxh5 36. Kxf1 Qh4 0-1

[Event "Late-Titled-Tuesday-Blitz-February-13-2024"]
[Site "Chess.com"]
[Date "2024.02.13"]
[Round "11"]
[White "lluiss"]
[Black "Ready4abattle"]
[Result "1-0"]
[WhiteElo "2171"]
[BlackElo "2223"]
[TimeControl "180+1"]
[EndTime "16:05:12 PST"]
[Termination "lluiss won on time"]

1. e4 c5 2. Nf3 Nc6 3. d4 cxd4 4. Nxd4 e5 5. Nxc6 bxc6 6. Nc3 Nf6 7. Bg5 Rb8 8. Bc4 Rxb2 9. O-O Rb8 10. f4 Bc5+ 11.
Kh1 Bd4 12. fxe5 Bxe5 13. Bxf6 gxf6 14. Qh5 Qe7 15. Rf3 d6 16. Raf1 Be6 17. Bxe6 Qxe6 18. Qh6 Ke7 19. Ne2 Rhg8 20. Nf4 Bxf4 21. Rxf4 Rg6 22.
Qxh7 Rbg8 23. Qh4 Rxg2 24. Rxf6 Rg1+ 25. Rxg1 Rxg1+ 26. Kxg1 Qxf6 27. Qxf6+ Kxf6 28. Kf2 Kg5 29. Kg3 d5 30. exd5 cxd5 31. c3 f5 32. h4+ Kg6 33. Kf4 Kf6 34. h5 1-0

[Event "Late-Titled-Tuesday-Blitz-February-13-2024"]
[Site "Chess.com"]
[Date "2024.02.13"]
[Round "11"]
[White "tteshan"]
[Black "AlexeiShirov"]
[Result "0-1"]
[WhiteElo "2633"]
[BlackElo "2851"]
[TimeControl "180+1"]
[EndTime "16:05:13 PST"]
[Termination "AlexeiShirov won on time"]

1. Nf3 d5 2. g3 Nf6 3. Bg2 Bg4 4. O-O Nbd7 5. d4 e6 6. Bf4 c5 7. Nc3 cxd4 8. Qxd4 Bc5 9. Qa4 O-O 10. Ne5 Nb6 11.
Qb5 Rc8 12. Nxg4 Nxg4 13. h3 a6 14. Qd3 Nf6 15. e4 d4 16. Ne2 Nfd7 17. e5 g5 18.
Bd2 Nxe5 19. Qe4 Nbc4 20. Bc1 b5 21. b3 f5 22. Qb7 Rb8 23. Qxa6 Rb6 24. Qa7 Rc6 25.
Qb7 Nd6 26. Qxc6 Nxc6 27. Bxc6 Qf6 28. Bb2 Rc8 29. Bh1 e5 30. Rad1 b4 31. Nc1 Nb5 32.
Nd3 Bd6 33. Rd2 Nc3 34. Re1 e4 35. Nc1 Bc5 36. Kh2 h5 37. Bxc3 bxc3 38. Rde2 h4 39.
g4 Qe5+ 40. Kg1 Bd6 41. f3 Qg3+ 42. Kf1 exf3 43. Re8+ Rxe8 44. Rxe8+ Kf7 45. Rd8 Qxh3+ 0-1

[Event "Late-Titled-Tuesday-Blitz-February-13-2024"]
[Site "Chess.com"]
[Date "2024.02.13"]
[Round "11"]
[White "Tolya2"]
[Black "Kostukov_Alex"]
[Result "1-0"]
[WhiteElo "2500"]
[BlackElo "2323"]
[TimeControl "180+1"]
[EndTime "16:05:13 PST"]
[Termination "Tolya2 won on time"]

1. Nf3 c5 2. c4 g6 3. d4 Bg7 4. Nc3 cxd4 5. Nxd4 Nc6 6. Nb3 Nf6 7. g3 O-O 8. Bg2 d6 9. O-O Ne5 10. c5 dxc5 11.
Nxc5 Qc7 12. Nb3 Rd8 13. Qe1 Nc4 14. h3 Rb8 15. Bf4 e5 16. Bg5 Re8 17. Rc1 b5 18.
Nd2 Nxd2 19. Qxd2 Qa5 20. a3 Bb7 21. Bxb7 Rxb7 22. Rfd1 Rd7 23. Qe3 Rxd1+ 24. Rxd1 b4 25. axb4 Qxb4 26. Bxf6 Bxf6 27. Nd5 Qd6 28. Qxa7 Bg7 29.
b4 e4 30. Qc5 Qe5 31. Ne3 Qe6 32.
b5 Qxh3 33. b6 Rc8 34. Qd5 Bh6 35. Qd7 Qxd7 36. Rxd7 Bxe3 37. fxe3 Rb8 38. b7 Kg7 39. Kf1 Kf6 40. Ke1 Ke6 41. Rc7 h5 42. Kf2 f6 43.
Kg2 Kd6 44. Rf7 Ke6 45. Rg7 g5 46. Rh7 Kd6 47. Rf7 Ke6 48. Rh7 Kd6 49. Kh3 1-0

[Event "Late-Titled-Tuesday-Blitz-February-13-2024"]
[Site "Chess.com"]
[Date "2024.02.13"]
[Round "11"]
[White "CFalcons8"]
[Black "C_K_G"]
[Result "1-0"]
[WhiteElo "2437"]
[BlackElo "2180"]
[TimeControl "180+1"]
[EndTime "16:05:14 PST"]
[Termination "CFalcons8 won on time"]

1. e4 c5 2. Nf3 d6 3. d4 cxd4 4. Nxd4 Nf6 5. Nc3 a6 6. f3 e6 7. Be3 Be7 8. Qd2 Qc7 9. g4 Nbd7 10. g5 O-O 11. gxf6 Bxf6 12. h4 b5 13. h5 Bb7 14.
Bh3 b4 15. Nce2 Ne5 16. b3 a5 17. O-O-O a4 18. Kb1 Ba6 19. f4 Nd7 20. Qxb4 Bxe2 21. Nxe2 axb3 22. cxb3 Rxa2 23. Qc4 Qa5 24. Bd4 Bxd4 25.
Nxd4 Nc5 26. Nc2 Rb8 27. b4 Rxc2 28. Qxc2 Qxb4+ 29. Kc1 Nb3+ 30. Qxb3 Qxb3 31. Kd2 Qb2+ 32. Ke3 Rb3+ 33. Rd3 Rxd3+ 34. Kxd3 h6 35. f5 e5 36. Ke3 Qc3+ 37. Kf2 1-0

[Event "Late-Titled-Tuesday-Blitz-February-13-2024"]
[Site "Chess.com"]
[Date "2024.02.13"]
[Round "11"]
[White "Alex_Sahakyan2006"]
[Black "Zavgorodniy_Sergiy"]
[Result "0-1"]
[WhiteElo "2844"]
[BlackElo "2658"]
[TimeControl "180+1"]
[EndTime "16:05:15 PST"]
[Termination "Zavgorodniy_Sergiy won by checkmate"]

1. e4 c6 2. d4 d5 3. Nc3 dxe4 4. Nxe4 Bf5 5. Ng3 Bg6 6. h4 h6 7. Nf3 Nd7 8. Bd3 Bxd3 9. Qxd3 e6 10. Bf4 Ngf6 11. O-O-O Be7 12. c4 b5 13. Ne5 Nxe5 14. dxe5 Qxd3 15. Rxd3 Nd7 16. Nh5 Nc5 17. Rd4 O-O 18.
Be3 bxc4 19. Rg4 Nd3+ 20. Kc2 g6 21. Nf6+ Kg7 22. Nh5+ Kh7 23. Nf6+ Kg7 24. h5 Nxe5 25. Bxh6+ Kxh6 26. hxg6+ Kg7 27. Nh5+ Kg8 28. gxf7+ Kxf7 29. Re4 Nd3 30. Rxc4 Nb4+ 31. Kb1 Rh8 32. a3 Nd5 33. Rxc6 Nf6 34. Ng3 Rxh1+ 35. Nxh1 Rh8 36. Ng3 Rh2 37. Rc7 Rxg2 38. Rxa7 Rxf2 39. Ka2 Rf3 40. Ne2 Nd5 41. Nd4 Rd3 42. Nc6 Kf6 43. Rb7 e5 44. Rb5 e4 45. Nxe7 Kxe7 46. Rb7+ Ke6 47.
Rb8 e3 48. Re8+ Kf5 49. a4 Nb4+ 50. Kb1 Rd1# 0-1

[Event "Late-Titled-Tuesday-Blitz-February-13-2024"]
[Site "Chess.com"]
[Date "2024.02.13"]
[Round "11"]
[White "Defenstrator"]
[Black "scandalgod"]
[Result "1-0"]
[WhiteElo "2394"]
[BlackElo "2502"]
[TimeControl "180+1"]
[EndTime "16:05:16 PST"]
[Termination "Defenstrator won on time"]

1. e4 e5 2. Nf3 Nc6 3. d4 exd4 4.
Nxd4 Bc5 5. Be3 Qf6 6. Nxc6 Bxe3 7. fxe3 dxc6 8. Qd4 Qg6 9. Nc3 Be6 10. O-O-O Nf6 11.
e5 Nd7 12. Bd3 Qg5 13. Bc4 Qe7 14. Bd3 O-O 15. h4 Rfd8 16. h5 Nf8 17. Qe4 b5 18. h6 g6 19. Qxc6 b4 20. Ne4 a5 21. Bc4 a4 22. Bxe6 Nxe6 23. Nf6+ Kh8 24. Nd5 Qg5 25. Nxc7 Nxc7 26. Qxc7 b3 27. axb3 axb3 28. Rxd8+ Rxd8 29. cxb3 Qxe3+ 30. Kb1 Qd3+ 31. Kc1 Qd2+ 32. Kb1 Qd3+ 33. Kc1 Qd5 34. Qc4 Qd7 35. e6 fxe6 36. Kb1 1-0

[Event "Late-Titled-Tuesday-Blitz-February-13-2024"]
[Site "Chess.com"]
[Date "2024.02.13"]
[Round "11"]
[White "rikchessmx"]
[Black "agvega14"]
[Result "0-1"]
[WhiteElo "2273"]
[BlackElo "2201"]
[TimeControl "180+1"]
[EndTime "16:05:16 PST"]
[Termination "agvega14 won by resignation"]

1. e4 c5 2. Nf3 a6 3. d4 cxd4 4.
Nxd4 Nf6 5. Nc3 e5 6. Nb3 d6 7. Be3 Be6 8. f3 Be7 9. Bd3 O-O 10. Qe2 Nbd7 11. O-O Qc7 12. Rac1 Rac8 13. Qf2 b5 14. a3 Nc5 15. Nxc5 dxc5 16. Rfd1 c4 17. Bf1 Qc6 18. g4 Rfd8 19. g5 Nh5 20. Qh4 g6 21. Bh3 Bxh3 22. Qxh3 Bc5 23. Bxc5 Qxc5+ 24. Kh1 Nf4 25. Qf1 Rd4 26. Rxd4 exd4 27. Ne2 Nxe2 28.
Qxe2 Qxg5 29. Rg1 Qe5 30. Qd2 Rd8 31. Rg5 Qf6 32. f4 h6 33. e5 Qc6+ 34. Rg2 d3 35. c3 Qe4 36. h4 h5 37. Kh2 Kh7 38. Kg3 Re8 39. Rf2 Qf5 40. Qd1 f6 41. exf6 Re3+ 42.
Rf3 Qg4+ 43. Kf2 Re2+ 44. Qxe2 dxe2 45. f7 Kg7 46. f5 gxf5 47. Kxe2 Kxf7 48. Kf2 Kf6 49. Ke3 Qe4+ 50. Kd2 f4 51. Rf1 Qe3+ 52. Kd1 f3 53. Re1 Qd3+ 54. Kc1 f2 0-1

[Event "Late-Titled-Tuesday-Blitz-February-13-2024"]
[Site "Chess.com"]
[Date "2024.02.13"]
[Round "11"]
[White "Flaccidmoves"]
[Black "titomagno_64"]
[Result "1-0"]
[WhiteElo "2449"]
[BlackElo "2253"]
[TimeControl "180+1"]
[EndTime "16:05:18 PST"]
[Termination "Flaccidmoves won by resignation"]

1. Nf3 Nf6 2. c4 g6 3. g3 Bg7 4. Bg2 O-O 5. O-O c6 6. d4 d5 7. cxd5 cxd5 8. Ne5 Ne4 9. Nd2 Nc6 10. Nxc6 bxc6 11.
Nxe4 dxe4 12. Bxe4 Bh3 13. Re1 Bxd4 14. e3 Bf6 15.
Qxd8 Rfxd8 16. Bxc6 Rac8 17. Bg2 Bxg2 18. Kxg2 Rc2 19.
Rb1 Rb8 20. e4 Bd4 21. Be3 Bxe3 22. Rxe3 Rbxb2 23. Rxb2 Rxb2 24. Ra3 Rb7 25. Ra6 Kf8 26. h4 Ke8 27. Kf3 h6 28. h5 gxh5 29. Rxh6 Rb2 30.
Ra6 Rb7 31. Kf4 f6 32. Ra5 e5+ 33. Kf5 Ke7 34. Ra6 Rb2 35. Rxa7+ Kd6 36. f4 exf4 37. gxf4 h4 38. Kxf6 h3 39. e5+ Kd5 40. Rh7 h2 41. f5 Rxa2 42. e6 Re2 43. e7 Kd6 44. Rxh2 Rxe7 45.
Rd2+ 1-0

[Event "Late-Titled-Tuesday-Blitz-February-13-2024"]
[Site "Chess.com"]
[Date "2024.02.13"]
[Round "11"]
[White "ChristopherYoo"]
[Black "LiamPutnam2008"]
[Result "0-1"]
[WhiteElo "2956"]
[BlackElo "2860"]
[TimeControl "180+1"]
[EndTime "16:05:20 PST"]
[Termination "LiamPutnam2008 won on time"]

1. e4 c5 2. Nf3 d6 3. d4 cxd4 4. Nxd4 Nf6 5. Nc3 a6 6. a3 g6 7. f3 Bg7 8. Be3 Nc6 9. Qd2 O-O 10. O-O-O Bd7 11. Kb1 b5 12. Nxc6 Bxc6 13. g4 Rb8 14.
Ne2 Qc7 15. Nd4 Rfc8 16. h4 h5 17. gxh5 Nxh5 18. Bh3 Bd7 19. Bxd7 Qxd7 20. Rdg1 Rc4 21. b3 Rc7 22. Nf5 Rbc8 23. Nxg7 Kxg7 24. f4 Rxc2 25.
Qd3 Kh7 26. Bd2 Qe6 27. Rg5 R8c3 28. Qxc2 Rxc2 29. Kxc2 Qxe4+ 30. Kc3 Qxh1 31. f5 Qf3+ 32. Kb4 Qe4+ 33. Ka5 Nf6 34. fxg6+ fxg6 35. Kxa6 Qc6+ 36. Ka5 Ne4 37. Rxb5 Nxd2 38. a4 e5 39. Rb6 Qc5+ 40. Ka6 e4 41. a5 e3 42. Rb7+ Kh6 43. Re7 Nxb3 0-1

[Event "Late-Titled-Tuesday-Blitz-February-13-2024"]
[Site "Chess.com"]
[Date "2024.02.13"]
[Round "11"]
[White "Rodalquilar"]
[Black "mightysmasher"]
[Result "0-1"]
[WhiteElo "2739"]
[BlackElo "2570"]
[TimeControl "180+1"]
[EndTime "16:05:20 PST"]
[Termination "mightysmasher won by checkmate"]

1. d4 d5 2. Nf3 Nf6 3. Bf4 e6 4. e3 Bd6 5. Nbd2 Bxf4 6. exf4 O-O 7. c3 Ne4 8. Nxe4 dxe4 9. Nd2 f5 10. Nc4 b6 11.
Qb3 Bb7 12. Ne5 Qe7 13. Bc4 Re8 14. d5 Na6 15. dxe6 Nc5 16. Qa3 Nxe6 17. Qxe7 Rxe7 18. O-O-O Kh8 19. g3 Nc5 20. b4 Na4 21. Kc2 a6 22. Rhe1 g6 23. Rd4 c5 24. Rd6 cxb4 25. cxb4 Rc8 26. Red1 b5 27. Rd8+ Kg7 28. Rxc8 Bxc8 29. Rd8 Rc7 30. Rg8+ Kh6 31. Nf7+ Kh5 32. Rg7 Rxc4+ 33.
Kd2 Kg4 34. Ne5+ Kh3 35. Rxh7+ Kg2 36. Nxc4 bxc4 37. Ke2 c3 38. Rc7 Be6 39. h4 Bxa2 40. Rc6 Bb3 41. Rxg6 Bc4+ 42. Ke3 c2 43. Kd2 Bd3 44. Rc6 Kxf2 45. h5 Nb2 46. h6 e3+ 47. Kc1 e2 48. Re6 Be4 49. Kxb2 e1=Q 50. Rc6 Qxb4+ 51.
Kc1 Qb1+ 52. Kd2 c1=Q+ 53. Rxc1 Qb2+ 54. Rc2 Qxc2# 0-1

[Event "Late-Titled-Tuesday-Blitz-February-13-2024"]
[Site "Chess.com"]
[Date "2024.02.13"]
[Round "11"]
[White "protectiago"]
[Black "PNEPaul"]
[Result "1-0"]
[WhiteElo "2101"]
[BlackElo "1896"]
[TimeControl "180+1"]
[EndTime "16:05:21 PST"]
[Termination "protectiago won by resignation"]

1. d4 Nf6 2. c4 c5 3. d5 Ne4 4. g3 Qa5+ 5. Bd2 Nxd2 6. Qxd2 Qxd2+ 7. Nxd2 d6 8. Bg2 g6 9. Ngf3 Bg7 10. Rb1 O-O 11. O-O Na6 12. e4 Bd7 13. Rfe1 h6 14. a3 Nc7 15. e5 Rfe8 16. b4 Bf5 17. Rb3 Bc2 18. Rbe3 Bf5 19. h3 h5 20. bxc5 dxc5 21.
Rb3 Rab8 22. Nh4 Bd7 23. e6 fxe6 24. dxe6 Bxe6 25. Nxg6 b5 26. Rbe3 Bxc4 27. Nxc4 bxc4 28. Nxe7+ Kh8 29. Ng6+ Kg8 30. Ne7+ Kh8 31. Bc6 Red8 32.
Ng6+ Kh7 33. Be4 Kg8 34. Ne7+ Kh8 35. Nc6 c3 36. Nxd8 Rxd8 37. Bc2 Nb5 38. Re8+ Rxe8 39.
Rxe8+ 1-0

[Event "Late-Titled-Tuesday-Blitz-February-13-2024"]
[Site "Chess.com"]
[Date "2024.02.13"]
[Round "11"]
[White "Goryachkina"]
[Black "korkmaz16"]
[Result "1-0"]
[WhiteElo "2711"]
[BlackElo "2457"]
[TimeControl "180+1"]
[EndTime "16:05:22 PST"]
[Termination "Goryachkina won by resignation"]

1. e4 e6 2. d4 d5 3. Nd2 Nf6 4. e5 Nfd7 5. Bd3 c5 6. c3 Nc6 7. Ne2 cxd4 8. cxd4 f6 9. exf6 Nxf6 10.
Nf3 Bd6 11. O-O O-O 12. Bg5 Qc7 13. Bh4 Bd7 14. Bg3 Rae8 15. Rc1 a6 16. a3 Qb8 17.
Re1 Bxg3 18. Nxg3 e5 19. dxe5 Nxe5 20. Nxe5 Rxe5 21. h3 Rfe8 22. Rxe5 Qxe5 23. Qd2 Bc6 24. Bf1 Ne4 25. Nxe4 dxe4 26. Re1 h6 27. b4 Qf6 28.
Qe3 Rf8 29. Rc1 Qf4 30. Qxf4 Rxf4 31. Bxa6 Rf6 32. Bc4+ Kf8 33. b5 Bd7 34. a4 Rd6 35. a5 Ke7 36. Bf1 Rd4 37. a6 bxa6 38. bxa6 Ra4 39. Kh2 Kd6 40. Kg3 Ke5 41. Rc7 Ra3+ 42. Kh2 Kd6 43. Rb7 g5 44. Rb6+ Ke5 45. Rxh6 Ra2 46.
Kg3 Ra3+ 47. f3 e3 48. Rb6 Ra2 49. Bc4 e2 50. Bxe2 Rxe2 51. Rb7 Bc6 52. Re7+ Kf5 53. Rxe2 Bb5 54. a7 Ba6 55. a8=Q 1-0

[Event "Late-Titled-Tuesday-Blitz-February-13-2024"]
[Site "Chess.com"]
[Date "2024.02.13"]
[Round "11"]
[White "Viktor_Poddubnyi"]
[Black "Cosi43"]
[Result "1/2-1/2"]
[WhiteElo "2282"]
[BlackElo "2562"]
[TimeControl "180+1"]
[EndTime "16:05:23 PST"]
[Termination "Game drawn by repetition"]

1. e4 c5 2. Nf3 e6 3. g3 b6 4.
Bg2 Bb7 5. d3 d6 6. O-O Nd7 7. c3 Ngf6 8. Re1 Be7 9. Nbd2 Rc8 10. d4 cxd4 11. cxd4 h5 12. e5 dxe5 13. dxe5 Ng4 14. h3 Nxf2 15. Kxf2 Bc5+ 16. Re3 Bxe3+ 17. Kxe3 Nxe5 18. Nxe5 Bxg2 19. Qa4+ Kf8 20. Ndf3 Bxh3 21.
Bd2 Kg8 22. Bc3 Rh6 23. Rd1 Qc7 24. Rd7 Qc5+ 25. Qd4 Qxd4+ 26. Nxd4 f6 27. Nec6 Kh8 28.
Nxa7 Rc5 29. Nb3 Rd5 30. Rxd5 exd5 31. Bd4 f5 32. Nc8 Rg6 33. Kf2 b5 34. Ne7 Rd6 35.
Nc5 Kh7 36. Be5 Rd8 37. Ne6 Re8 38. Ng5+ Kh6 39. Nf7+ Kh7 40. Ng5+ Kh6 41. Nf7+ Kh7 42. Ng5+ 1/2-1/2

[Event "Late-Titled-Tuesday-Blitz-February-13-2024"]
[Site "Chess.com"]
[Date "2024.02.13"]
[Round "11"]
[White "Grossboss19"]
[Black "cukricek"]
[Result "0-1"]
[WhiteElo "2600"]
[BlackElo "2477"]
[TimeControl "180+1"]
[EndTime "16:05:26 PST"]
[Termination "cukricek won by checkmate"]

1. Nf3 Nf6 2. d4 g6 3. e3 Bg7 4. Bd3 O-O 5. O-O d6 6. b3 Nc6 7. Bb2 e5 8. dxe5 Ng4 9. Nbd2 Ngxe5 10. Nxe5 Nxe5 11. Rb1 Nxd3 12. cxd3 Bf5 13. Bxg7 Kxg7 14. Qc1 c6 15. Qc3+ Qf6 16. Rbc1 d5 17. Qxf6+ Kxf6 18. d4 Rfe8 19. Rc3 a5 20. a3 Bd7 21.
Rb1 Kg7 22. h3 f5 23. Nf3 f4 24. exf4 Re4 25. g3 Rae8 26. Rd1 Bxh3 27. Ng5 Re1+ 28. Rxe1 Rxe1+ 29. Kh2 Bf5 30. Nf3 Ra1 31. a4 Be4 32. g4 Bxf3 33. Rxf3 Rd1 34. Re3 Kf6 35. Kg3 Rxd4 36.
f3 Rb4 37. Rc3 d4 38. Rd3 c5 39. Kf2 Ke6 40. Kg3 Kd5 41. f5 gxf5 42. gxf5 Rb6 43.
Kf4 Rf6 44. Rd1 c4 45. bxc4+ Kxc4 46. Rb1 d3 47. Rxb7 Rd6 48. Rb1 d2 49. Rd1 Kd3 50. Ke5 Rd8 51. f6 h5 52. f7 h4 53.
Kf6 Ke2 54. Rh1 d1=Q 55. Rxd1 Kxd1 56. Ke7 Ra8 57. f4 h3 58. f5 h2 59. f8=Q Rxf8 60. Kxf8 h1=Q 61. f6 Qc6 62. f7 Qxa4 63. Kg7 Qg4+ 64.
Kf6 Qf4+ 65. Ke7 Qxf7+ 66. Kxf7 a4 67. Ke6 a3 68. Kd5 a2 69. Kc4 a1=Q 70. Kd3 Qa8 71. Ke3 Kc2 72. Kf4 Kd3 73. Ke5 Kc4 74. Kf6 Kd5 75. Kg7 Qc6 76. Kg8 Qc7 77. Kh8 Ke6 78. Kg8 Kf6 79. Kh8 Qg7# 0-1

[Event "Late-Titled-Tuesday-Blitz-February-13-2024"]
[Site "Chess.com"]
[Date "2024.02.13"]
[Round "11"]
[White "Korchmar_Vasiliy"]
[Black "Zhigalko_Sergei"]
[Result "0-1"]
[WhiteElo "2767"]
[BlackElo "2940"]
[TimeControl "180+1"]
[EndTime "16:05:31 PST"]
[Termination "Zhigalko_Sergei won on time"]

1. e4 c5 2. d4 cxd4 3. Qxd4 Nc6 4. Qd3 g6 5. Nc3 Bg7 6. Nf3 Nf6 7. Be2 O-O 8. O-O d6 9. Nd5 Nxd5 10. exd5 Nb4 11. Qd1 a5 12. c3 Na6 13. Bg5 Nc5 14. Re1 Bg4 15. h3 Bxf3 16. Bxf3 Bf6 17. Bxf6 exf6 18. Qd2 Qb6 19. Re7 Rac8 20. Rae1 Kg7 21. h4 h5 22. R1e3 Rc7 23. Rxc7 Qxc7 24. Bxh5 Rh8 25.
Bg4 Rxh4 26. Bh3 f5 27. Qe1 Re4 28. Rxe4 Nxe4 29. g4 Ng5 30. Qe3 f4 31. Qd4+ f6 32.
Bg2 f3 33. Bf1 Qe7 34. Kh2 Qe1 35. Bd3 Qe8 36. Kg1 Qh8 37. Qf4 Qh4 38. Qxd6 Qxg4+ 39. Qg3 Qd7 40. c4 Qe7 0-1